 Dungeon Crawl Stone Soup version 0.27-a0-1196-g3e9cee4cb2 (webtiles) character file.

Game seed: 13445382981843524841

5343 Morbidden the Twirler (level 10, -13/80 HPs)
             Began as a Demigod Conjurer on May 29, 2021.
             Succumbed to a two-headed ogre's poison
             ... on level 9 of the Dungeon.
             The game lasted 00:11:36 (11832 turns).

Morbidden the Twirler (Demigod Conjurer)           Turns: 11832, Time: 00:11:36

Health: -13/80     AC: 19    Str:  8    XL:     10   Next: 16%
Magic:  0/21       EV:  3    Int: 43    God:
Gold:   464        SH:  0    Dex: 12    Spells: 9/19 levels left

rFire    . . .     SeeInvis +   a - +12 quarterstaff of Koxa {flame, +Rage rElec Int+3 Stlth+}
rCold    . . .     Faith    .   (shield currently unavailable)
rNeg     + + .     Spirit   +   M - +8 chain mail of Parts Unknown {rN+ Int+2 Slay+2}
rPois    .         Reflect  .   P - +0 helmet
rElec    +         Harm     .   (no cloak)
rCorr    .         Rampage  .   d - +0 pair of gloves
Will     ++...                  p - +0 pair of boots
Stlth    ..........             E - amulet of guardian spirit
HPRegen  0.23/turn              I - ring "Fudghapp" {rN+ Will+ SInv}
MPRegen  0.17/turn              k - +6 ring of intelligence

@: lethally poisoned (-13 -> -77)
A: high mp 1, forlorn
a: Evoke Berserk Rage


You were on level 9 of the Dungeon.
You visited 1 branch of the dungeon, and saw 9 of its levels.

You collected 464 gold pieces.

Inventory:

Hand Weapons
 a - the +12 quarterstaff of Koxa (weapon) {flame, +Rage rElec Int+3 Stlth+}
   (You found it on level 4 of the Dungeon)

   It has been specially enchanted to burn those struck by it, causing extra
   injury to most foes and up to half again as much damage against particularly
   susceptible opponents.
   It affects your intelligence (+3).
   It insulates you from electricity.
   It lets you go berserk.
   It makes you more stealthy.
 b - a +0 long sword
 t - a +0 short sword
Missiles
 r - 17 boomerangs
 s - 25 poisoned darts (quivered)
 L - 3 silver javelins
Armour
 d - a +0 pair of gloves (worn)
 p - a +0 pair of boots (worn)
 B - a +2 robe of resistance
 M - the +8 chain mail of Parts Unknown (worn) {rN+ Int+2 Slay+2}
   (You found it on level 8 of the Dungeon)

   It affects your intelligence (+2).
   It affects your accuracy and damage with ranged weapons and melee attacks
   (+2).
   It protects you from negative energy.
 P - a +0 helmet (worn)
Jewellery
 j - a ring of willpower
 k - a +6 ring of intelligence (right hand)
 w - a ring of resist corrosion
 y - a ring of flight
 E - an amulet of guardian spirit (around neck)
 I - the ring "Fudghapp" (left hand) {rN+ Will+ SInv}
   (You found it on level 7 of the Dungeon)

   [ring of positive energy]

   It protects you from negative energy.
   It lets you see invisible.
   It increases your willpower.
Wands
 N - a wand of acid (5)
 O - a wand of charming (7)
Scrolls
 c - 3 scrolls of enchant weapon {unknown}
 f - 12 scrolls of identify {unknown}
 i - 5 scrolls of teleportation {unknown}
 l - 3 scrolls of blinking {unknown}
 n - 2 scrolls of noise {unknown}
 o - 2 scrolls of immolation {unknown}
 q - a scroll of brand weapon {unknown}
 x - 2 scrolls of fear {unknown}
 z - a scroll of enchant armour {unknown}
 C - 3 scrolls of torment {unknown}
 D - 3 scrolls of amnesia {unknown}
 K - a scroll of fog {unknown}
Potions
 e - a potion of mutation {unknown}
 g - 2 potions of lignification {unknown}
 h - 2 potions of flight
 m - a potion of curing
 u - a potion of heal wounds {unknown}
 v - 2 potions of might {unknown}
 A - a potion of berserk rage {unknown}
 F - a potion of haste {unknown}
 G - a potion of attraction {unknown}
 H - 2 potions of degeneration {unknown}
 J - a potion of cancellation {unknown}


   Skills:
 * Level 4.5 Fighting
 + Level 1.0(1.4) Short Blades
 + Level 1.5(1.7) Long Blades
 * Level 7.1 Staves
 + Level 0.8 Throwing
 + Level 0.2 Armour
 * Level 4.2 Dodging
 + Level 3.1 Stealth
 * Level 5.3 Spellcasting
 * Level 7.0 Conjurations
 * Level 3.1 Necromancy
 * Level 4.2 Translocations


You had 9 spell levels left.
You knew the following spells:

 Your Spells              Type           Power      Damage    Failure   Level
a - Magic Dart            Conj           100%       1d8       26%         1
b - Searing Ray           Conj           100%       3d7       36%         2
c - Iskenderun's Mystic   Conj/Tloc      56%        2d12      99%         4
z - Vampiric Draining     Necr           19%        2d8       98%         3

Your spell library contained the following spells:

 Spells                   Type           Power      Damage    Failure   Level
 Animate Skeleton         Necr           76%        N/A       77%         1
 Pain                     Necr           100%       1d9       77%         1
 Dazzling Flash           Conj/Hex       82%        N/A       97%         3
 Beastly Appendage        Tmut           22%        N/A       99%         1
 Wereblood                Tmut           11%        N/A       100%        2
 Spider Form              Tmut/Pois      5%         N/A       100%        3
 Animate Dead             Necr           19%        N/A       100%        4
 Fulminant Prism          Conj/Hex       20%        3d13      100%        4
 Ice Form                 Ice/Tmut       11%        N/A       100%        4
 Agony                    Necr           38%        N/A       100%        5
 Hydra Form               Tmut           5%         N/A       100%        5


Dungeon Overview and Level Annotations

Branches:
Dungeon (9/15)             Temple (0/1) D:5
   Lair: D:8-11         Orc: D:9-12

Shops:
D:6 !

Annotations:
D:5 Duvessa


Innate Abilities, Weirdness & Mutations

Your attributes grow dramatically as you level up.
You have an increased reservoir of magic. (+10% MP)
You shall have no god before yourself.


Message History

The two-headed ogre is lightly wounded.
You feel sick.
The two-headed ogre hits you but does no damage.
You are more poisoned.
The two-headed ogre hits you but does no damage.
You sock the two-headed ogre! You burn the two-headed ogre.
The two-headed ogre is moderately wounded.
You feel very sick.
You barely miss the two-headed ogre.
The two-headed ogre is moderately wounded.
You feel very sick.
The two-headed ogre hits you with a +2 great mace of venom!!
You are more poisoned.
The two-headed ogre hits you but does no damage.
You barely miss the two-headed ogre.
The two-headed ogre is moderately wounded.
You feel extremely sick.
The two-headed ogre hits you with a +2 great mace of venom!
You are more poisoned.
The two-headed ogre hits you with a +0 giant club.
You are too injured to fight recklessly!
You are too injured to fight recklessly!
You are too injured to fight recklessly!
You hit the two-headed ogre. You burn the two-headed ogre.
The two-headed ogre is heavily wounded.
* * * LOW HITPOINT WARNING * * *
You feel extremely sick.
You sock the two-headed ogre! You burn the two-headed ogre.
The two-headed ogre is severely wounded.
* * * LOW HITPOINT WARNING * * *
You feel extremely sick.
The two-headed ogre hits you with a +2 great mace of venom!!
* * * LOW HITPOINT WARNING * * *
You are more poisoned.
The two-headed ogre barely misses you.
Unknown command.
Unknown command.
You thump the two-headed ogre! You burn the two-headed ogre.
The two-headed ogre is almost dead.
You die...

########+######
.....##.....#.#
#+##..#.#.#.#.#
##...#.#..<########
#
##..#.###.'.@O...#
##
##...#...######..+
.## ##....### ..+
++.....# .##
#..##### ## #.... #
..##.# .# .# #+##.
.[


You could see a two-headed ogre.

Vanquished Creatures
  Pikel (D:4)
  Joseph (D:7)
  A komodo dragon (D:8)
  Prince Ribbit (D:5)
  A wraith (D:9)
  Sigmund (D:6)
  Eustachio (D:5)
  2 water moccasins
  3 orc warriors
  An ice beast (D:7)
  3 black bears
  3 sky beasts
  A necrophage (D:5)
  4 ogres
  2 centaurs
  3 lemures
  2 kobold brigands
  2 bullfrogs
  A wyvern zombie (D:8)
  2 scorpions (D:4)
  Dowan (D:5)
  7 killer bees
  4 wights
  A bullfrog zombie (D:5)
  2 hounds
  A centaur skeleton (D:5)
  4 orc priests
  2 jellies
  A bullfrog skeleton (D:5)
  8 orc wizards
  Natasha (thrice) (D:4)
  An iguana (D:7)
  A killer bee zombie (D:8)
  8 gnolls (D:5)
  11 adders
  A white imp (D:4)
  2 ufetubi
  3 dart slugs
  19 orcs
  7 endoplasms
  4 giant cockroaches
  9 goblins
  6 hobgoblins
  6 jackals
  18 kobolds
  4 quokkas
  8 ball pythons
  5 bats
  3 frilled lizards
  6 rats
192 creatures vanquished.

Vanquished Creatures (others)
  A human (D:4)
1 creature vanquished.

Grand Total: 193 creatures vanquished

Notes
Turn   | Place    | Note
-------+----------+-------------------------------------------
     0 | D:1      | Morbidden the Demigod Conjurer began the quest for the Orb.
     0 | D:1      | Reached XP level 1. HP: 14/14 MP: 5/5
   553 | D:1      | Reached XP level 2. HP: 20/20 MP: 4/7
   666 | D:1      | Learned a level 2 spell: Searing Ray
  1298 | D:1      | Reached XP level 3. HP: 26/26 MP: 3/8
  3012 | D:3      | Reached XP level 4. HP: 34/34 MP: 6/9
  3092 | D:3      | Reached skill level 5 in Conjurations
  3606 | D:3      | Reached skill level 1 in Fighting
  3606 | D:3      | Reached XP level 5. HP: 31/40 MP: 2/11
  4321 | D:3      | Reached skill level 1 in Short Blades
  4376 | D:3      | Reached skill level 1 in Long Blades
  4514 | D:4      | Noticed Pikel
  4579 | D:4      | Reached XP level 6. HP: 47/47 MP: 5/13
  4589 | D:4      | Learned a level 4 spell: Iskenderun's Mystic Blast
  4597 | D:4      | Identified the +12 quarterstaff of Koxa {flame, +Rage rElec
                  | Int+3 Stlth+}
  4844 | D:4      | Killed Pikel
  4845 | D:4      | Reached skill level 1 in Staves
  4845 | D:4      | Reached skill level 1 in Translocations
  4845 | D:4      | Reached XP level 7. HP: 36/55 MP: 13/15
  5215 | D:4      | Noticed Natasha
  5226 | D:4      | Killed Natasha
  5277 | D:4      | Noticed Natasha
  5285 | D:4      | Killed Natasha
  5324 | D:4      | Noticed Natasha
  5335 | D:4      | Killed Natasha
  5456 | D:4      | Noticed a human
  5459 | D:4      | Killed a human
  5630 | D:5      | Entered Level 5 of the Dungeon
  5630 | D:5      | Noticed Prince Ribbit
  5637 | D:5      | Killed Prince Ribbit
  5638 | D:5      | Reached XP level 8. HP: 55/62 MP: 15/18
  6125 | D:5      | Noticed Dowan
  6128 | D:5      | Noticed Duvessa
  6131 | D:5      | Noticed Eustachio
  6255 | D:5      | Found a staircase to the Ecumenical Temple.
  6659 | D:5      | Killed Dowan
  6686 | D:5      | Killed Eustachio
  7207 | D:6      | Noticed Sigmund
  7214 | D:6      | Killed Sigmund
  7224 | D:6      | Reached skill level 5 in Staves
  7234 | D:6      | Learned a level 3 spell: Vampiric Draining
  7518 | D:6      | Reached XP level 9. HP: 70/70 MP: 19/19
  7625 | D:6      | Reached skill level 1 in Necromancy
  7883 | D:6      | Found Bopupew's Distillery.
  8764 | D:6      | HP: 3/71 [something (2)]
  9265 | D:7      | Noticed Joseph
  9279 | D:7      | Killed Joseph
  9738 | D:7      | Identified the ring "Fudghapp" {rN+ Will+ SInv}
 10348 | D:8      | Noticed a komodo dragon
 10356 | D:8      | Killed a komodo dragon
 10357 | D:8      | Reached skill level 5 in Spellcasting
 10702 | D:8      | Identified the +8 chain mail of Parts Unknown {rN+ Int+2
                  | Slay+2}
 10762 | D:8      | Reached XP level 10. HP: 54/80 MP: 18/21
 11822 | D:9      | Noticed a two-headed ogre
 11831 | D:9      | HP: 1/80 [two-headed ogre/+2 great mace of venom (8)]
 11832 | D:9      | Succumbed to a two-headed ogre's poison

Illustrated notes

Levels and vault maps discovered:
D:1:      scummos_arrival_hexagon, layout_basic
D:2:      layout_loops_corners
D:3:      minmay_door_path, layout_basic, nicolae_overflow_hidden_temple,
          minmay_misc_feat_secret_circle
D:4:      layout_cave_pools, zin_treasury, tgw_kikubaaqudgha,
          lemuel_crystal_altar, uniq_natasha, uniq_pikel
D:5:      layout_basic, temple_green, uniq_prince_ribbit1, uniq_eustachio,
          uniq_duvessa
D:6:      layout_cave_pods, okawaru_gym_becter, minitemple, serial_column_ruins,
          column_ruins_hut, column_ruins_circle_small,
          column_ruins_columns_straight, column_ruins_grid_4,
          column_ruins_open_small, column_ruins_grid_3, column_ruins_grid_1,
          column_ruins_corridor_straight, serial_shops, nicolae_shop_waterfront,
          uniq_sigmund
D:7:      minmay_evil_eye, layout_loops_cross, eat_drink_and_be_merry_uskayaw,
          uniq_joseph
D:8:      kennysheep_blocky_hall, layout_loops_ring, lemuel_crystal_altar
D:9:      layout_roguey, mrwooster_statue_mirror, grunt_decor_arrowhead

Skill      XL: |  1  2  3  4  5  6  7  8  9 10 |
---------------+-------------------------------+-----
Conjurations   | 4 5 6 7 |  7.0
Spellcasting   | 2 3 4 5 |  5.3
Fighting       | 1 2 3 4 |  4.5
Stealth        | 2 3 |  3.1
Short Blades   | 1 |  1.0
Dodging        | 2 3 4 |  4.2
Long Blades    | 1 |  1.5
Staves         | 1 3 5 6 7 |  7.1
Translocations | 1 2 3 4 |  4.2
Necromancy     | 3 |  3.1
Throwing       | |  0.8
Armour         | |  0.2

Action                   |  1- 3 |  4- 6 |  7- 9 | 10-12 || total
-------------------------+-------+-------+-------+-------++-------
Melee: Unarmed           |     1 |       |       |       ||     1
       Short sword       |     6 |       |       |       ||     6
       Long sword        |       |    20 |       |       ||    20
       Quarterstaff      |       |    13 |   213 |    46 ||   272
Throw: Dart              |       |       |     5 |       ||     5
 Cast: Magic Dart        |    69 |    74 |    16 |       ||   159
       Searing Ray       |    10 |    11 |     9 |       ||    30
       Iskenderun's Myst |       |       |     1 |       ||     1
       Vampiric Draining |       |       |     3 |       ||     3
  Use: Potion            |       |       |     2 |       ||     2
 Stab: Sleeping          |       |       |     6 |       ||     6
Armor: Robe              |     4 |    13 |    41 |       ||    58
       Chain mail        |       |       |    18 |    56 ||    74
Dodge: Dodged            |    11 |    37 |   153 |     8 ||   209
       Rpst.: Long sword |       |     4 |       |       ||     4

Table legend: (Time is in decaauts)
 A = Elapsed time spent in this place.
 B = Non-inter-level travel time spent in this place.
 C = Inter-level travel time spent in this place.
 D = Time resting spent in this place.
 E = Time spent auto-exploring this place.
 F = Levels seen in this place.
 G = Mean time per level.
                   A        B        C        D        E       F      G
               +--------+--------+--------+--------+--------+-----+--------+
         Total |  11853 |  11602 |    251 |   1743 |   8476 |   9 | 1317.0 |
       Dungeon |  11853 |  11602 |    251 |   1743 |   8476 |   9 | 1317.0 |
               +--------+--------+--------+--------+--------+-----+--------+

Top non-repeatable levels by time:
     D:3: 1816 daAuts
     D:1: 1672 daAuts
     D:6: 1648 daAuts
     D:5: 1356 daAuts
     D:8: 1338 daAuts
     D:7: 1324 daAuts
     D:2: 1200 daAuts
     D:4: 1178 daAuts
     D:9: 318 daAuts
